 Dungeon Crawl Stone Soup version 0.27-a0-249-g74f53ef629 (webtiles) character file.

Game seed: 17154296832172533147

14 Borgoz the Slasher (level 2, -1/25 HPs)
             Began as a Ghoul Gladiator on Feb 3, 2021.
             Slain by a leopard gecko (5 damage)
             ... on level 1 of the Dungeon.
             The game lasted 00:00:19 (93 turns).

Borgoz the Slasher (Ghoul Gladiator)                  Turns: 93, Time: 00:00:19

Health: -1/25      AC:  4    Str: 17    XL:     2   Next: 41%
Magic:  1/1        EV: 12    Int:  3    God:
Gold:   0          SH:  0    Dex: 10    Spells: 1/1 levels left

rFire    . . .     SeeInvis .   a - +0 long sword
rCold    + . .     Faith    .   (no shield)
rNeg     + + +     Spirit   .   b - +0 leather armour
rPois    ∞         Reflect  .   c - +0 helmet
rElec    .         Harm     .   (no cloak)
rCorr    .         Rampage  .   (no gloves)
Will     .....                  (no boots)
Stlth    +.........             (no amulet)
HPRegen  0.00/turn              (no ring)
MPRegen  0.07/turn              (no ring)

@: no status effects
A: claws 1, cold resistance 1, negative energy resistance 3, inhibited
regeneration, torment resistance, unbreathing
a: no special abilities


You were on level 1 of the Dungeon.
You visited 1 branch of the dungeon, and saw 1 of its levels.

Inventory:

Hand Weapons
 a - a +0 long sword (weapon)
Missiles
 d - 3 throwing nets (quivered)
Armour
 b - a +0 leather armour (worn)
 c - a +0 helmet (worn)


   Skills:
 + Level 2.4 Fighting
 * Level 3.0 Long Blades
 - Level 1.7 Throwing
 + Level 0.6 Armour
 + Level 2.9 Dodging


You had one spell level left.
You didn't know any spells.
Your spell library was empty.

Dungeon Overview and Level Annotations

Branches:
Dungeon (1/15)

Altars:


Innate Abilities, Weirdness & Mutations

You thrive by killing the living.
You are immune to poison.
You have sharp fingernails.
Your flesh is cold resistant. (rC+)
You are immune to negative energy. (rN+++)
You do not regenerate when monsters are visible.
You are immune to unholy pain and torment.
You can survive without breathing.


Message History

You are too injured to fight recklessly!
You are too injured to fight recklessly!
You are too injured to fight recklessly!
You hit the leopard gecko but do no damage.
The hobgoblin hits you with a +0 club.
* * * LOW HITPOINT WARNING * * *
The leopard gecko closely misses you.
You hit the leopard gecko.
The leopard gecko is severely wounded.
The leopard gecko hisses menacingly.
The leopard gecko bites you but does no damage.
The hobgoblin hits you but does no damage.
The leopard gecko closely misses you.
The hobgoblin hits you but does no damage.
A hobgoblin comes into view. It is wielding a +0 club.
You aren't carrying any potions.
You miss the leopard gecko.
The leopard gecko is severely wounded.
The leopard gecko misses you. The leopard gecko bites you.
You die...

#................
#.........#.######
###............# ....
#...†.............g..
###)###.......#....#
#.###...#.#.#....#.
####.#................
##..........###.#....#
#...........#..@lg....#
#.##.##.#.#.#.###K###.#
#......#.#.# #.#
#..#.###.#.# #.. #..#.#
#.#.# #^## #. #.# #.#.#
#.. .. #.. ....# #.#
#.#.# #.. ### ###


You could see a leopard gecko, 2 hobgoblins and a kobold.

Vanquished Creatures
  An ooze (D:1)
  A leopard gecko (D:1)
  3 bats (D:1)
  2 kobolds (D:1)
  A frilled lizard (D:1)
8 creatures vanquished.

Notes
Turn   | Place    | Note
-------+----------+-------------------------------------------
     0 | D:1      | Borgoz the Ghoul Gladiator began the quest for the Orb.
     0 | D:1      | Reached XP level 1. HP: 17/17 MP: 0/0
    32 | D:1      | Reached XP level 2. HP: 25/25 MP: 1/1
    66 | D:1      | Reached skill level 3 in Long Blades
    93 | D:1      | Slain by a leopard gecko

Illustrated notes

Levels and vault maps discovered:
D:1:      shiori_arrival_elements, layout_basic

Skill      XL: |  1  2 |
---------------+-------+-----
Long Blades    | 3 |  3.0
Fighting       | |  2.4
Throwing       | |  1.7
Armour         | |  0.6
Dodging        | |  2.9

Action                   || total
-------------------------++-------
Melee: Long sword        ||    31
Armor: Leather armour    ||    15
Dodge: Dodged            ||    27
       Rpst.: Long sword ||     6

Table legend: (Time is in decaauts)
 A = Elapsed time spent in this place.
 B = Non-inter-level travel time spent in this place.
 C = Inter-level travel time spent in this place.
 D = Time resting spent in this place.
 E = Time spent auto-exploring this place.
 F = Levels seen in this place.
 G = Mean time per level.
                   A        B        C        D        E       F      G
               +--------+--------+--------+--------+--------+-----+--------+
         Total |    100 |    100 |      0 |      0 |     48 |   1 |  100.0 |
       Dungeon |    100 |    100 |      0 |      0 |     48 |   1 |  100.0 |
               +--------+--------+--------+--------+--------+-----+--------+

Top non-repeatable levels by time:
     D:1: 100 daAuts
